[ AOE2 MATCH · #481180185 ]
Team RMChinese vs Byzantines
[ REPLAY ANALYSIS · EXTRACTED FROM THE RECORDED GAME ]
Feudal
—
Castle
—
Imperial
—
| APM avg | 16.7 |
| APM peak | 67 |
| eAPM avg | 13.9 |
| Villagers / military | 141 / 382 |
Focus
⚔️ 52.4% · 🌾 47.6%
Skirmisher ×152 · Chu Ko Nu ×109 · Scout Cavalry ×46 · Iron Pagoda ×32 · Battering Ram ×19 · Knight ×13
Feudal
12:51
Castle
24:32
Imperial
37:05
| APM avg | 11.3 |
| APM peak | 45 |
| eAPM avg | 9.8 |
| Villagers / military | 198 / 330 |
Focus
⚔️ 26.7% · 🌾 73.3%
Cataphract ×199 · Spearman ×103 · Trade Cart ×46 · Bombard Cannon ×15 · Mangonel ×10 · Monk ×3
Feudal
—
Castle
—
Imperial
—
| APM avg | 22.4 |
| APM peak | 87 |
| eAPM avg | 13.7 |
| Villagers / military | 166 / 574 |
Focus
⚔️ 35.5% · 🌾 64.5%
Scout Cavalry ×316 · Camel Scout ×207 · Mangonel ×30 · Trade Cart ×13 · Bombard Cannon ×10 · Mameluke ×5
Feudal
13:31
Castle
20:21
Imperial
35:13
| APM avg | 22.9 |
| APM peak | 84 |
| eAPM avg | 13.0 |
| Villagers / military | 142 / 226 |
Focus
⚔️ 42.8% · 🌾 57.2%
Mangudai ×170 · Mangonel ×47 · Trade Cart ×8 · Trebuchet (Packed) ×7 · Monk ×2
Feudal
13:18
Castle
33:18
Imperial
—
| APM avg | 20.4 |
| APM peak | 53 |
| eAPM avg | 13.7 |
| Villagers / military | 125 / 381 |
Focus
⚔️ 25.9% · 🌾 74.1%
Skirmisher ×250 · Elephant Archer ×111 · Trade Cart ×13 · Archer ×10 · Chakram Thrower ×9 · Monk ×1
Feudal
18:34
Castle
34:06
Imperial
43:00
| APM avg | 21.7 |
| APM peak | 70 |
| eAPM avg | 18.3 |
| Villagers / military | 152 / 647 |
Focus
⚔️ 64.2% · 🌾 35.8%
Spearman ×290 · Skirmisher ×279 · Trade Cart ×39 · Battering Ram ×38 · Plumed Archer ×38 · Trebuchet (Packed) ×2
Feudal
13:37
Castle
26:12
Imperial
38:01
| APM avg | 30.0 |
| APM peak | 95 |
| eAPM avg | 12.6 |
| Villagers / military | 94 / 187 |
Focus
⚔️ 23.6% · 🌾 76.4%
Rattan Archer ×171 · Trade Cart ×32 · Fire Lancer ×6 · Monk ×5 · Trebuchet (Packed) ×5
Feudal
13:27
Castle
21:43
Imperial
36:49
| APM avg | 24.8 |
| APM peak | 115 |
| eAPM avg | 22.6 |
| Villagers / military | 101 / 927 |
Focus
⚔️ 68.0% · 🌾 32.0%
Spearman ×633 · Knight ×128 · Woad Raider ×87 · Skirmisher ×58 · Mangonel ×16 · Trade Cart ×14
Match map
Initial resources + every placement click. Lines = walls · curves = elevation contours. ◆ gold · ⬟ stone · ● berries · ✦ relic · ◌ wall gap
Your base· ✓ Closed at 23:44 · 45t walls · 2 gate(s)
Navrik's base· ✓ Closed at 24:32 · 14t walls · 1 gate(s)
NomadRider5217's base· ✓ Closed at 21:31 · 0t walls · no gate
KOSOVAR's base· ✓ Closed at 20:21 · 6t walls · no gate
Sinned's base· ✓ Closed at 33:18 · 30t walls · no gate
KurtaLFonce's base· ✓ Closed at 34:06 · 78t walls · 2 gate(s)
TSpirit. Yatoro .BetBoom's base· ✓ Closed at 26:12 · 15t walls · 1 gate(s)
boxenoxen's base· ✓ Closed at 21:43 · 0t walls · no gate
Smoothed initial terrain · ◌ = detected wall gap · hover for details
Inputs per minute
— frizboum - - Navrik
Build order — frizboum
First 150 of 717 actions detected
| 0:17 | Research | Loom |
| 0:46 | Build | Palisade Wall |
| 0:51 | Build | Palisade Gate |
| 1:25 | Create | Villager (Male) |
| 1:43 | Build | Lumber Camp |
| 3:03 | Create | Villager (Male) |
| 3:35 | Create | Villager (Male) |
| 4:44 | Create | Villager (Male) |
| 4:45 | Create | Villager (Male) |
| 5:06 | Build | Palisade Wall |
| 5:22 | Create | Villager (Male) |
| 5:45 | Create | Villager (Male) |
| 6:23 | Create | Villager (Male) |
| 6:23 | Create | Villager (Male) |
| 6:50 | Create | Villager (Male) |
| 6:51 | Create | Villager (Male) |
| 7:15 | Create | Villager (Male) |
| 7:16 | Create | Villager (Male) |
| 8:05 | Create | Villager (Male) |
| 8:05 | Create | Villager (Male) |
| 8:45 | Build | House |
| 9:01 | Create | Villager (Male) |
| 9:32 | Create | Villager (Male) |
| 9:32 | Create | Villager (Male) |
| 9:33 | Create | Villager (Male) |
| 9:36 | Create | Villager (Male) |
| 9:45 | Build | House |
| 10:00 | Create | Villager (Male) |
| 10:00 | Create | Villager (Male) |
| 10:28 | Build | House |
| 10:40 | Create | Villager (Male) |
| 11:24 | Create | Villager (Male) |
| 11:25 | Create | Villager (Male) |
| 11:46 | Build | Mining Camp |
| 12:16 | Create | Villager (Male) |
| 12:38 | Build | Mining Camp |
| 12:46 | Create | Villager (Male) |
| 13:28 | Build | Mill |
| 13:41 | Create | Villager (Male) |
| 13:46 | Research | Feudal Age |
| 14:22 | Create | Villager (Male) |
| 14:22 | Create | Villager (Male) |
| 14:43 | Build | Barracks |
| 14:54 | Build | Barracks |
| 15:09 | Create | Villager (Male) |
| 16:25 | Build | Blacksmith |
| 16:42 | Build | Market |
| 16:47 | Create | Villager (Male) |
| 16:48 | Create | Villager (Male) |
| 16:48 | Create | Villager (Male) |
| 17:17 | Build | Stone Wall |
| 17:24 | Build | Stone Wall |
| 17:33 | Create | Villager (Male) |
| 17:40 | Build | Stone Wall |
| 17:46 | Build | Gate |
| 17:55 | Build | House |
| 17:59 | Build | House |
| 18:16 | Create | Villager (Male) |
| 18:17 | Create | Villager (Male) |
| 18:40 | Build | House |
| 18:41 | Build | House |
| 19:00 | Create | Villager (Male) |
| 19:26 | Create | Villager (Male) |
| 19:38 | Build | Mill |
| 19:50 | Create | Villager (Male) |
| 20:07 | Build | Archery Range |
| 20:43 | Create | Villager (Male) |
| 20:43 | Create | Villager (Male) |
| 21:00 | Create | Villager (Male) |
| 21:25 | Create | Villager (Male) |
| 22:32 | Create | Villager (Male) |
| 22:32 | Create | Villager (Male) |
| 22:46 | Build | Farm |
| 23:25 | Create | Villager (Male) |
| 23:26 | Create | Villager (Male) |
| 23:44 | Research | Castle Age |
| 23:59 | Research | Gold Mining |
| 24:11 | Build | Archery Range |
| 24:43 | Create | Villager (Male) |
| 24:48 | Build | Farm |
| 24:51 | Build | Farm |
| 24:56 | Build | Farm |
| 25:01 | Create | Villager (Male) |
| 25:02 | Create | Villager (Male) |
| 25:11 | Build | Archery Range |
| 25:19 | Research | Padded Archer Armor |
| 25:56 | Research | Double-Bit Axe |
| 26:01 | Create | Villager (Male) |
| 26:01 | Create | Villager (Male) |
| 26:10 | Build | Mining Camp |
| 26:46 | Research | Horse Collar |
| 26:51 | Create | Villager (Male) |
| 27:00 | Build | Farm |
| 27:03 | Build | Farm |
| 27:12 | Build | Farm |
| 27:24 | Build | Farm |
| 27:29 | Create | Villager (Male) |
| 27:33 | Build | House |
| 27:34 | Build | House |
| 27:35 | Build | House |
| 27:37 | Build | House |
| 27:44 | Create | Villager (Male) |
| 27:50 | Build | Farm |
| 27:57 | Build | Farm |
| 27:59 | Build | Farm |
| 28:01 | Build | Farm |
| 28:03 | Build | Farm |
| 28:21 | Build | Farm |
| 28:24 | Research | Heavy Plow |
| 28:34 | Build | Castle |
| 28:43 | Create | Villager (Male) |
| 28:56 | Build | Town Center |
| 29:06 | Create | Villager (Male) |
| 29:40 | Build | Town Center |
| 29:42 | Create | Villager (Male) |
| 29:43 | Create | Villager (Male) |
| 30:11 | Create | Villager (Male) |
| 30:20 | Build | University |
| 30:24 | Build | Monastery |
| 30:27 | Create | Villager (Male) |
| 30:31 | Create | Villager (Male) |
| 30:43 | Create | Villager (Male) |
| 30:43 | Create | Villager (Male) |
| 30:43 | Create | Villager (Male) |
| 30:44 | Create | Villager (Male) |
| 31:13 | Create | Villager (Male) |
| 31:13 | Create | Villager (Male) |
| 31:20 | Build | Farm |
| 31:22 | Build | Farm |
| 31:25 | Build | Farm |
| 31:28 | Build | Farm |
| 31:32 | Create | Villager (Male) |
| 31:40 | Build | Farm |
| 31:46 | Build | Farm |
| 31:49 | Create | Villager (Male) |
| 31:54 | Create | Villager (Male) |
| 32:02 | Build | Farm |
| 32:06 | Build | Farm |
| 32:07 | Create | Villager (Male) |
| 32:11 | Create | Villager (Male) |
| 32:19 | Create | Chu Ko Nu |
| 32:19 | Create | Chu Ko Nu |
| 32:19 | Create | Chu Ko Nu |
| 32:20 | Create | Chu Ko Nu |
| 32:20 | Create | Chu Ko Nu |
| 32:20 | Create | Chu Ko Nu |
| 32:20 | Create | Chu Ko Nu |
| 32:20 | Create | Chu Ko Nu |
| 32:21 | Create | Chu Ko Nu |
| 32:21 | Create | Chu Ko Nu |
Build order — Navrik
First 150 of 428 actions detected
| 0:23 | Build | House |
| 0:27 | Create | Villager (Male) |
| 0:27 | Create | Villager (Male) |
| 0:28 | Create | Villager (Male) |
| 0:28 | Create | Villager (Male) |
| 0:28 | Create | Villager (Male) |
| 1:12 | Build | House |
| 1:15 | Build | House |
| 1:51 | Build | Mill |
| 1:58 | Create | Villager (Male) |
| 1:58 | Create | Villager (Male) |
| 2:16 | Create | Villager (Male) |
| 3:00 | Create | Villager (Male) |
| 3:48 | Create | Villager (Male) |
| 3:48 | Create | Villager (Male) |
| 4:14 | Create | Villager (Male) |
| 4:52 | Create | Villager (Male) |
| 4:52 | Create | Villager (Male) |
| 5:19 | Create | Villager (Male) |
| 5:30 | Create | Villager (Male) |
| 5:57 | Build | House |
| 6:06 | Create | Villager (Male) |
| 6:07 | Create | Villager (Male) |
| 6:37 | Build | Lumber Camp |
| 6:43 | Create | Villager (Male) |
| 6:43 | Create | Villager (Male) |
| 7:16 | Build | House |
| 7:17 | Build | House |
| 7:21 | Build | House |
| 7:22 | Build | House |
| 7:32 | Create | Villager (Male) |
| 8:04 | Create | Villager (Male) |
| 8:40 | Create | Villager (Male) |
| 9:24 | Create | Villager (Male) |
| 10:38 | Build | Mill |
| 10:41 | Research | Feudal Age |
| 10:44 | Create | Villager (Male) |
| 11:19 | Build | Mining Camp |
| 11:32 | Build | Farm |
| 11:38 | Build | Farm |
| 11:44 | Build | Farm |
| 11:50 | Build | Farm |
| 11:57 | Build | Farm |
| 12:51 | Age | Feudal Age |
| 12:57 | Research | Wheelbarrow |
| 12:58 | Create | Villager (Male) |
| 12:59 | Research | Loom |
| 13:00 | Create | Villager (Male) |
| 13:11 | Research | Double-Bit Axe |
| 13:14 | Research | Horse Collar |
| 13:32 | Build | Lumber Camp |
| 13:43 | Build | Farm |
| 14:12 | Build | Stone Wall |
| 14:16 | Build | Gate |
| 14:29 | Build | Farm |
| 14:30 | Build | Farm |
| 14:31 | Build | Farm |
| 14:34 | Build | Farm |
| 14:42 | Build | Farm |
| 15:25 | Build | Mining Camp |
| 15:31 | Create | Villager (Male) |
| 15:31 | Create | Villager (Male) |
| 15:31 | Create | Villager (Male) |
| 15:31 | Create | Villager (Male) |
| 15:32 | Create | Villager (Male) |
| 15:32 | Create | Villager (Male) |
| 15:32 | Create | Villager (Male) |
| 15:32 | Create | Villager (Male) |
| 15:33 | Create | Villager (Male) |
| 15:33 | Create | Villager (Male) |
| 15:33 | Create | Villager (Male) |
| 16:14 | Build | Market |
| 17:39 | Build | Farm |
| 18:07 | Build | House |
| 18:08 | Build | House |
| 18:10 | Build | House |
| 18:11 | Build | House |
| 19:32 | Build | Blacksmith |
| 19:43 | Create | Villager (Male) |
| 19:58 | Build | Watch Tower |
| 21:52 | Research | Castle Age |
| 22:11 | Create | Villager (Male) |
| 22:56 | Build | Lumber Camp |
| 23:04 | Research | Gold Mining |
| 23:06 | Research | Stone Mining |
| 23:52 | Build | House |
| 23:53 | Build | House |
| 23:57 | Build | House |
| 24:10 | Build | House |
| 24:11 | Build | House |
| 24:19 | Build | Blacksmith |
| 24:32 | Age | Castle Age |
| 24:39 | Research | Hand Cart |
| 24:40 | Create | Villager (Male) |
| 24:45 | Research | Heavy Plow |
| 24:50 | Research | Bow Saw |
| 25:11 | Build | Monastery |
| 25:32 | Build | Town Center |
| 25:38 | Create | Villager (Male) |
| 25:39 | Create | Villager (Male) |
| 25:39 | Create | Villager (Male) |
| 25:39 | Create | Villager (Male) |
| 26:57 | Create | Monk |
| 27:03 | Create | Monk |
| 27:03 | Create | Monk |
| 27:17 | Create | Villager (Male) |
| 27:17 | Create | Villager (Male) |
| 27:26 | Create | Villager (Male) |
| 27:26 | Create | Villager (Male) |
| 27:26 | Create | Villager (Male) |
| 27:27 | Create | Villager (Male) |
| 27:27 | Create | Villager (Male) |
| 27:27 | Create | Villager (Male) |
| 27:28 | Create | Villager (Male) |
| 27:28 | Create | Villager (Male) |
| 27:28 | Create | Villager (Male) |
| 28:09 | Build | Farm |
| 28:23 | Build | Farm |
| 28:31 | Create | Villager (Male) |
| 28:31 | Create | Villager (Male) |
| 28:31 | Create | Villager (Male) |
| 28:32 | Create | Villager (Male) |
| 28:32 | Create | Villager (Male) |
| 28:32 | Create | Villager (Male) |
| 28:39 | Build | Farm |
| 28:45 | Create | Villager (Male) |
| 28:45 | Create | Villager (Male) |
| 28:45 | Create | Villager (Male) |
| 28:45 | Create | Villager (Male) |
| 29:27 | Build | Farm |
| 29:35 | Research | Gold Shaft Mining |
| 29:49 | Research | Stone Shaft Mining |
| 29:59 | Build | Farm |
| 30:02 | Build | Farm |
| 30:07 | Create | Villager (Male) |
| 30:08 | Create | Villager (Male) |
| 30:29 | Build | Farm |
| 30:37 | Build | Farm |
| 30:50 | Build | Farm |
| 31:05 | Build | Town Center |
| 31:39 | Build | Barracks |
| 31:43 | Build | Barracks |
| 32:02 | Build | Siege Workshop |
| 32:05 | Build | Siege Workshop |
| 32:15 | Create | Villager (Male) |
| 32:15 | Create | Villager (Male) |
| 32:15 | Create | Villager (Male) |
| 32:15 | Create | Villager (Male) |
| 32:16 | Create | Villager (Male) |
| 32:16 | Create | Villager (Male) |
Build order — NomadRider5217
First 150 of 415 actions detected
| 0:10 | Build | House |
| 0:15 | Build | House |
| 0:19 | Build | House |
| 0:27 | Create | Villager (Male) ×4 |
| 0:41 | Research | Loom |
| 2:02 | Create | Villager (Male) |
| 3:17 | Create | Villager (Male) ×2 |
| 3:18 | Create | Villager (Male) ×3 |
| 3:40 | Create | Villager (Male) |
| 4:47 | Create | Villager (Male) ×2 |
| 4:47 | Create | Villager (Male) ×2 |
| 5:02 | Create | Villager (Male) |
| 6:07 | Create | Villager (Male) ×4 |
| 6:53 | Create | Villager (Male) |
| 7:24 | Create | Villager (Male) |
| 7:41 | Build | Mill |
| 8:00 | Build | Mill |
| 8:08 | Build | House |
| 9:20 | Build | Mill |
| 9:24 | Create | Villager (Male) ×5 |
| 9:25 | Create | Villager (Male) ×2 |
| 11:02 | Create | Villager (Male) |
| 11:02 | Create | Villager (Male) |
| 11:07 | Build | House |
| 11:11 | Create | Villager (Male) |
| 11:26 | Create | Villager (Male) ×5 |
| 11:26 | Create | Villager (Male) ×5 |
| 12:14 | Build | Lumber Camp |
| 12:33 | Build | Lumber Camp |
| 12:47 | Create | Villager (Male) |
| 12:47 | Create | Villager (Male) |
| 14:22 | Build | House |
| 14:25 | Build | House |
| 14:34 | Research | Feudal Age |
| 14:35 | Create | Villager (Male) |
| 14:35 | Create | Villager (Male) |
| 16:36 | Build | Lumber Camp |
| 17:00 | Build | Lumber Camp |
| 17:13 | Build | Lumber Camp |
| 17:28 | Create | Villager (Male) |
| 17:28 | Create | Villager (Male) |
| 18:02 | Build | Market |
| 18:28 | Build | Blacksmith |
| 18:36 | Build | House |
| 18:38 | Build | House |
| 18:40 | Build | House |
| 18:41 | Build | House |
| 18:43 | Build | House |
| 18:45 | Build | House |
| 18:47 | Build | House |
| 18:48 | Build | House |
| 18:54 | Build | House |
| 18:55 | Build | House |
| 19:08 | Create | Villager (Male) ×5 |
| 19:17 | Research | Double-Bit Axe |
| 20:42 | Create | Villager (Male) |
| 20:43 | Create | Villager (Male) |
| 20:53 | Build | Farm |
| 20:54 | Build | Farm |
| 20:54 | Build | Farm |
| 20:54 | Build | Farm |
| 20:55 | Build | Farm |
| 20:55 | Build | Farm |
| 20:56 | Build | Farm |
| 20:58 | Build | Farm |
| 21:08 | Create | Villager (Male) ×5 |
| 21:31 | Research | Castle Age |
| 21:47 | Build | Farm |
| 21:47 | Build | Farm |
| 21:47 | Build | Farm |
| 21:48 | Build | Farm |
| 21:49 | Build | Farm |
| 21:50 | Build | Farm |
| 22:21 | Build | House |
| 22:22 | Build | House |
| 22:35 | Build | House |
| 22:38 | Build | House |
| 22:41 | Build | House |
| 22:46 | Build | House |
| 22:47 | Build | House |
| 22:48 | Build | House |
| 22:57 | Build | House |
| 22:58 | Build | House |
| 22:59 | Build | House |
| 23:00 | Build | House |
| 23:12 | Build | House |
| 23:19 | Create | Villager (Male) |
| 23:20 | Create | Villager (Male) |
| 23:25 | Research | Wheelbarrow |
| 23:25 | Create | Villager (Male) |
| 23:26 | Create | Villager (Male) |
| 23:41 | Research | Horse Collar |
| 24:28 | Build | Town Center |
| 24:48 | Build | Town Center |
| 25:00 | Create | Villager (Male) ×5 |
| 25:25 | Build | Town Center |
| 26:02 | Build | Town Center |
| 26:10 | Create | Villager (Male) ×5 |
| 26:17 | Build | Farm |
| 26:18 | Build | Farm |
| 26:19 | Build | Farm |
| 26:22 | Build | Farm |
| 26:23 | Build | Farm |
| 26:24 | Build | Farm |
| 26:25 | Build | Farm |
| 26:40 | Create | Villager (Male) ×5 |
| 27:01 | Create | Villager (Male) ×5 |
| 27:13 | Create | Villager (Male) |
| 27:24 | Create | Villager (Male) ×3 |
| 27:55 | Create | Villager (Male) ×5 |
| 29:07 | Create | Villager (Male) ×5 |
| 29:07 | Create | Villager (Male) ×5 |
| 29:29 | Create | Trade Cart |
| 29:44 | Research | Bow Saw |
| 29:51 | Build | Farm |
| 29:51 | Build | Farm |
| 29:52 | Build | Farm |
| 29:52 | Build | Farm |
| 29:52 | Build | Farm |
| 30:03 | Build | Farm |
| 30:03 | Build | Farm |
| 30:07 | Build | Farm |
| 30:10 | Build | Farm |
| 30:11 | Build | Farm |
| 30:12 | Build | Farm |
| 30:12 | Build | Farm |
| 30:13 | Build | Farm |
| 30:15 | Build | Farm |
| 30:15 | Build | Farm |
| 30:16 | Build | Farm |
| 30:16 | Build | Farm |
| 30:17 | Build | Farm |
| 30:18 | Build | Farm |
| 30:18 | Build | Farm |
| 30:20 | Build | Farm |
| 30:22 | Build | Farm |
| 30:49 | Build | Mill |
| 30:51 | Build | Farm |
| 30:52 | Build | Farm |
| 30:52 | Build | Farm |
| 30:52 | Build | Farm |
| 30:53 | Build | Farm |
| 30:55 | Build | Farm |
| 30:57 | Build | Farm |
| 31:06 | Build | Mining Camp |
| 31:14 | Create | Villager (Male) ×5 |
| 31:14 | Create | Villager (Male) ×5 |
| 31:15 | Create | Villager (Male) ×5 |
| 31:15 | Create | Villager (Male) ×4 |
| 31:15 | Create | Villager (Male) ×4 |
Build order — KOSOVAR
First 150 of 534 actions detected
| 0:29 | Create | Villager (Male) |
| 0:30 | Create | Villager (Male) |
| 0:30 | Create | Villager (Male) |
| 0:30 | Create | Villager (Male) |
| 0:30 | Create | Villager (Male) |
| 0:38 | Build | House |
| 0:41 | Build | House |
| 0:48 | Build | House |
| 0:49 | Build | House |
| 2:26 | Create | Villager (Male) |
| 2:59 | Create | Villager (Male) |
| 3:00 | Create | Villager (Male) |
| 3:56 | Create | Villager (Male) |
| 3:56 | Create | Villager (Male) |
| 4:19 | Research | Loom |
| 4:44 | Create | Villager (Male) |
| 4:44 | Create | Villager (Male) |
| 5:22 | Create | Villager (Male) |
| 5:37 | Create | Villager (Male) |
| 5:37 | Create | Villager (Male) |
| 6:13 | Create | Villager (Male) |
| 6:45 | Build | Palisade Wall |
| 7:13 | Create | Villager (Male) |
| 8:38 | Create | Villager (Male) |
| 9:51 | Build | Lumber Camp |
| 10:01 | Build | Mill |
| 10:10 | Build | Mill |
| 10:54 | Build | Mining Camp |
| 11:21 | Research | Feudal Age |
| 11:23 | Create | Villager (Male) |
| 11:23 | Create | Villager (Male) |
| 12:08 | Create | Villager (Male) |
| 13:31 | Age | Feudal Age |
| 13:33 | Create | Villager (Male) |
| 13:38 | Research | Double-Bit Axe |
| 13:42 | Create | Villager (Male) |
| 14:03 | Build | Market |
| 14:08 | Build | Blacksmith |
| 14:14 | Create | Villager (Male) |
| 14:26 | Build | House |
| 14:28 | Build | House |
| 14:31 | Build | House |
| 14:34 | Build | House |
| 14:39 | Create | Villager (Male) |
| 14:41 | Create | Villager (Male) |
| 14:51 | Build | Farm |
| 15:17 | Build | Farm |
| 15:32 | Research | Horse Collar |
| 15:43 | Build | Farm |
| 15:56 | Create | Villager (Male) |
| 16:11 | Build | Farm |
| 16:23 | Build | Mining Camp |
| 16:32 | Build | Farm |
| 16:46 | Build | Farm |
| 16:55 | Create | Villager (Male) |
| 17:04 | Research | Castle Age |
| 17:26 | Build | Farm |
| 18:37 | Research | Stone Mining |
| 18:41 | Research | Gold Mining |
| 19:08 | Build | Barracks |
| 19:41 | Research | Fletching |
| 19:42 | Research | Padded Archer Armor |
| 19:44 | Research | Scale Barding Armor |
| 19:49 | Create | Villager (Male) |
| 19:50 | Create | Villager (Male) |
| 20:07 | Build | Stable |
| 20:21 | Age | Castle Age |
| 20:36 | Create | Villager (Male) |
| 20:38 | Create | Villager (Male) |
| 21:12 | Create | Villager (Male) |
| 21:13 | Create | Villager (Male) |
| 22:18 | Build | Town Center |
| 22:28 | Create | Villager (Male) |
| 22:29 | Create | Villager (Male) |
| 22:37 | Build | Monastery |
| 23:00 | Build | Farm |
| 23:04 | Research | Bow Saw |
| 23:32 | Build | Farm |
| 23:52 | Create | Villager (Male) |
| 23:52 | Create | Villager (Male) |
| 23:52 | Create | Villager (Male) |
| 24:01 | Build | Farm |
| 24:04 | Create | Monk |
| 24:04 | Create | Monk |
| 24:46 | Build | Town Center |
| 24:55 | Build | Farm |
| 25:22 | Build | Farm |
| 25:27 | Create | Villager (Male) |
| 25:27 | Create | Villager (Male) |
| 25:45 | Research | Wheelbarrow |
| 25:54 | Create | Villager (Male) |
| 25:55 | Create | Villager (Male) |
| 25:55 | Create | Villager (Male) |
| 26:33 | Build | Farm |
| 26:37 | Build | Farm |
| 26:40 | Create | Villager (Male) |
| 27:15 | Create | Villager (Male) |
| 27:15 | Create | Villager (Male) |
| 27:17 | Create | Villager (Male) |
| 27:28 | Create | Villager (Male) |
| 27:29 | Create | Villager (Male) |
| 27:30 | Create | Villager (Male) |
| 27:43 | Build | Farm |
| 27:50 | Build | Farm |
| 27:56 | Create | Villager (Male) |
| 27:57 | Create | Villager (Male) |
| 28:04 | Build | Farm |
| 28:14 | Build | Farm |
| 28:43 | Build | Castle |
| 28:48 | Build | Castle |
| 29:05 | Research | Hand Cart |
| 29:18 | Build | House |
| 29:20 | Build | House |
| 29:20 | Build | House |
| 29:22 | Build | House |
| 29:23 | Build | House |
| 29:24 | Build | House |
| 29:29 | Build | House |
| 29:30 | Build | House |
| 29:32 | Build | House |
| 29:34 | Build | House |
| 29:35 | Build | House |
| 29:35 | Build | House |
| 29:36 | Build | House |
| 29:37 | Build | House |
| 29:39 | Build | House |
| 29:43 | Build | House |
| 29:44 | Build | House |
| 29:45 | Build | House |
| 29:53 | Create | Villager (Male) |
| 29:54 | Create | Villager (Male) |
| 29:54 | Create | Villager (Male) |
| 29:54 | Create | Villager (Male) |
| 29:54 | Create | Villager (Male) |
| 29:55 | Create | Villager (Male) |
| 30:03 | Create | Villager (Male) |
| 30:04 | Create | Villager (Male) |
| 30:04 | Create | Villager (Male) |
| 30:05 | Create | Villager (Male) |
| 30:13 | Build | Farm |
| 30:15 | Build | Farm |
| 30:35 | Create | Villager (Male) |
| 30:35 | Create | Villager (Male) |
| 30:37 | Create | Villager (Male) |
| 30:37 | Create | Villager (Male) |
| 30:37 | Create | Villager (Male) |
| 30:49 | Build | Farm |
| 31:06 | Create | Villager (Male) |
| 31:15 | Create | Villager (Male) |
| 31:50 | Build | Farm |
Build order — Sinned
First 150 of 502 actions detected
| 0:06 | Build | House |
| 0:10 | Build | House |
| 0:12 | Create | Villager (Male) |
| 0:12 | Create | Villager (Male) |
| 0:13 | Create | Villager (Male) |
| 0:13 | Create | Villager (Male) |
| 1:46 | Create | Villager (Male) |
| 2:25 | Build | Palisade Wall |
| 3:04 | Create | Villager (Male) |
| 4:02 | Research | Loom |
| 4:03 | Create | Villager (Male) |
| 4:10 | Build | Lumber Camp |
| 4:44 | Build | House |
| 5:11 | Create | Villager (Male) |
| 5:48 | Create | Villager (Male) |
| 5:49 | Create | Villager (Male) |
| 7:00 | Create | Villager (Male) |
| 7:00 | Create | Villager (Male) |
| 7:10 | Build | House |
| 7:14 | Build | House |
| 7:15 | Build | House |
| 7:20 | Build | House |
| 7:22 | Build | House |
| 8:20 | Create | Villager (Male) |
| 8:20 | Create | Villager (Male) |
| 8:21 | Create | Villager (Male) |
| 8:21 | Create | Villager (Male) |
| 8:22 | Create | Villager (Male) |
| 9:02 | Build | Mill |
| 11:08 | Research | Feudal Age |
| 12:36 | Build | Mill |
| 12:45 | Create | Villager (Male) |
| 12:46 | Create | Villager (Male) |
| 12:46 | Create | Villager (Male) |
| 12:47 | Create | Villager (Male) |
| 12:47 | Create | Villager (Male) |
| 12:47 | Create | Villager (Male) |
| 12:48 | Create | Villager (Male) |
| 13:18 | Age | Feudal Age |
| 13:23 | Build | Watch Tower |
| 13:43 | Research | Wheelbarrow |
| 14:49 | Build | Farm |
| 14:50 | Build | Farm |
| 14:50 | Build | Farm |
| 14:50 | Build | Farm |
| 14:51 | Build | Farm |
| 14:51 | Build | Farm |
| 14:52 | Build | Farm |
| 15:24 | Build | Farm |
| 15:25 | Build | Farm |
| 15:25 | Build | Farm |
| 15:25 | Build | Farm |
| 15:26 | Build | Farm |
| 15:43 | Create | Villager (Male) |
| 15:43 | Create | Villager (Male) |
| 15:44 | Create | Villager (Male) |
| 15:44 | Create | Villager (Male) |
| 15:45 | Create | Villager (Male) |
| 15:45 | Create | Villager (Male) |
| 15:45 | Create | Villager (Male) |
| 15:46 | Create | Villager (Male) |
| 16:00 | Build | Farm |
| 16:01 | Build | Farm |
| 16:01 | Build | Farm |
| 16:02 | Build | Farm |
| 16:03 | Build | Farm |
| 16:03 | Build | Farm |
| 16:03 | Build | Farm |
| 16:04 | Build | Farm |
| 16:04 | Build | Farm |
| 16:05 | Build | Farm |
| 16:05 | Build | Farm |
| 16:05 | Build | Farm |
| 16:06 | Build | Farm |
| 16:06 | Build | Farm |
| 16:07 | Build | Farm |
| 16:07 | Build | Farm |
| 16:07 | Build | Farm |
| 16:08 | Build | Farm |
| 16:08 | Build | Farm |
| 16:09 | Build | Farm |
| 16:10 | Build | Farm |
| 16:10 | Build | Farm |
| 16:23 | Create | Villager (Male) |
| 16:30 | Create | Villager (Male) |
| 17:08 | Research | Double-Bit Axe |
| 18:04 | Build | Market |
| 18:09 | Create | Villager (Male) |
| 18:10 | Create | Villager (Male) |
| 18:10 | Create | Villager (Male) |
| 18:13 | Create | Villager (Male) |
| 18:33 | Build | Lumber Camp |
| 18:40 | Build | Farm |
| 18:41 | Build | Farm |
| 18:41 | Build | Farm |
| 18:41 | Build | Farm |
| 18:43 | Create | Villager (Male) |
| 18:44 | Create | Villager (Male) |
| 19:59 | Build | Blacksmith |
| 20:20 | Build | Barracks |
| 20:34 | Build | Lumber Camp |
| 20:37 | Create | Villager (Male) |
| 20:37 | Create | Villager (Male) |
| 20:38 | Create | Villager (Male) |
| 20:38 | Create | Villager (Male) |
| 20:53 | Build | Farm |
| 20:53 | Build | Farm |
| 20:54 | Build | Farm |
| 20:54 | Build | Farm |
| 20:54 | Build | Farm |
| 20:55 | Build | Farm |
| 20:55 | Build | Farm |
| 20:55 | Build | Farm |
| 21:39 | Build | Mining Camp |
| 21:54 | Research | Man-at-Arms (upgrade) |
| 22:11 | Build | Mining Camp |
| 23:31 | Build | Farm |
| 23:32 | Build | Farm |
| 23:32 | Build | Farm |
| 23:32 | Build | Farm |
| 25:06 | Build | Farm |
| 25:06 | Build | Farm |
| 25:06 | Build | Farm |
| 25:14 | Create | Villager (Male) |
| 25:27 | Build | Watch Tower |
| 26:01 | Create | Villager (Male) |
| 26:01 | Create | Villager (Male) |
| 26:01 | Create | Villager (Male) |
| 26:02 | Create | Villager (Male) |
| 26:02 | Create | Villager (Male) |
| 26:03 | Create | Villager (Male) |
| 26:03 | Create | Villager (Male) |
| 26:04 | Create | Villager (Male) |
| 26:04 | Create | Villager (Male) |
| 26:05 | Create | Villager (Male) |
| 26:05 | Create | Villager (Male) |
| 26:06 | Create | Villager (Male) |
| 26:06 | Create | Villager (Male) |
| 26:06 | Create | Villager (Male) |
| 26:24 | Build | Mining Camp |
| 27:30 | Build | Stone Wall |
| 27:36 | Build | Farm |
| 27:37 | Build | Farm |
| 27:37 | Build | Farm |
| 27:37 | Build | Farm |
| 27:37 | Build | Farm |
| 28:12 | Build | Archery Range |
| 28:14 | Build | Archery Range |
| 28:14 | Build | Archery Range |
| 28:15 | Build | Archery Range |
Build order — KurtaLFonce
First 150 of 1073 actions detected
| 0:12 | Build | House |
| 0:56 | Research | Loom |
| 0:57 | Create | Villager (Male) |
| 0:57 | Create | Villager (Male) |
| 0:57 | Create | Villager (Male) |
| 1:03 | Build | Palisade Wall |
| 1:28 | Build | Palisade Wall |
| 2:57 | Create | Villager (Male) |
| 3:06 | Build | House |
| 4:02 | Create | Villager (Male) |
| 4:02 | Create | Villager (Male) |
| 4:03 | Create | Villager (Male) |
| 4:26 | Build | House |
| 5:42 | Create | Villager (Male) |
| 5:42 | Create | Villager (Male) |
| 5:42 | Create | Villager (Male) |
| 5:42 | Create | Villager (Male) |
| 6:56 | Create | Villager (Male) |
| 6:56 | Create | Villager (Male) |
| 7:58 | Build | House |
| 7:59 | Build | House |
| 8:01 | Build | House |
| 8:02 | Build | House |
| 8:12 | Create | Villager (Male) |
| 8:12 | Create | Villager (Male) |
| 8:26 | Create | Villager (Male) |
| 8:38 | Build | Mill |
| 9:12 | Create | Villager (Male) |
| 9:13 | Create | Villager (Male) |
| 10:22 | Build | Lumber Camp |
| 10:41 | Create | Villager (Male) |
| 11:13 | Create | Villager (Male) |
| 11:13 | Create | Villager (Male) |
| 11:50 | Create | Villager (Male) |
| 11:51 | Create | Villager (Male) |
| 12:47 | Create | Villager (Male) |
| 12:48 | Create | Villager (Male) |
| 13:38 | Create | Villager (Male) |
| 13:51 | Create | Villager (Male) |
| 14:03 | Build | Mining Camp |
| 14:23 | Build | Lumber Camp |
| 14:47 | Build | Mining Camp |
| 15:04 | Build | Lumber Camp |
| 16:24 | Research | Feudal Age |
| 18:34 | Age | Feudal Age |
| 18:52 | Research | Double-Bit Axe |
| 18:54 | Create | Villager (Male) |
| 18:54 | Create | Villager (Male) |
| 18:56 | Research | Horse Collar |
| 19:27 | Build | Market |
| 19:30 | Build | Market |
| 19:36 | Build | Blacksmith |
| 19:41 | Create | Villager (Male) |
| 19:51 | Build | House |
| 19:52 | Build | House |
| 19:54 | Build | House |
| 20:16 | Create | Villager (Male) |
| 20:16 | Create | Villager (Male) |
| 20:17 | Create | Villager (Male) |
| 20:27 | Build | Stone Wall |
| 20:35 | Build | Stone Wall |
| 20:40 | Build | Gate |
| 21:06 | Build | Stone Wall |
| 21:10 | Build | Gate |
| 21:17 | Build | Stone Wall |
| 21:26 | Create | Villager (Male) |
| 21:38 | Build | Mill |
| 21:51 | Create | Villager (Male) |
| 22:02 | Research | Stone Mining |
| 22:06 | Create | Villager (Male) |
| 22:06 | Create | Villager (Male) |
| 22:06 | Create | Villager (Male) |
| 22:13 | Build | Farm |
| 22:17 | Build | Farm |
| 22:24 | Build | Farm |
| 22:57 | Build | Farm |
| 23:01 | Build | Farm |
| 23:04 | Create | Villager (Male) |
| 23:05 | Create | Villager (Male) |
| 23:15 | Build | Farm |
| 23:43 | Build | Mill |
| 23:48 | Build | Farm |
| 23:51 | Create | Villager (Male) |
| 24:07 | Build | House |
| 24:11 | Build | House |
| 24:22 | Create | Villager (Male) |
| 24:28 | Build | Farm |
| 24:33 | Create | Villager (Male) |
| 24:33 | Create | Villager (Male) |
| 24:41 | Build | Farm |
| 24:43 | Build | Farm |
| 24:45 | Build | Farm |
| 24:51 | Build | Farm |
| 24:53 | Build | Farm |
| 24:56 | Build | Farm |
| 24:58 | Build | Farm |
| 25:03 | Build | Farm |
| 25:14 | Build | Mill |
| 25:18 | Create | Villager (Male) |
| 25:31 | Build | House |
| 25:36 | Build | House |
| 25:47 | Build | House |
| 25:48 | Build | House |
| 25:49 | Build | House |
| 25:50 | Build | House |
| 25:51 | Build | House |
| 25:53 | Build | House |
| 26:21 | Create | Villager (Male) |
| 26:22 | Create | Villager (Male) |
| 26:22 | Create | Villager (Male) |
| 26:22 | Create | Villager (Male) |
| 26:23 | Create | Villager (Male) |
| 26:28 | Build | Farm |
| 26:30 | Build | Farm |
| 26:33 | Build | Farm |
| 26:37 | Build | Farm |
| 26:51 | Build | Barracks |
| 26:53 | Build | Barracks |
| 26:58 | Build | Barracks |
| 27:06 | Build | Farm |
| 27:17 | Build | Farm |
| 27:43 | Build | Farm |
| 27:59 | Build | Barracks |
| 28:27 | Build | Farm |
| 28:30 | Create | Villager (Male) |
| 28:32 | Create | Villager (Male) |
| 28:45 | Build | Mining Camp |
| 28:52 | Create | Villager (Male) |
| 29:03 | Build | Barracks |
| 29:05 | Build | Barracks |
| 29:19 | Research | Castle Age |
| 29:32 | Build | Mining Camp |
| 29:37 | Build | Mining Camp |
| 29:41 | Research | Stone Mining |
| 29:45 | Research | Gold Mining |
| 29:58 | Create | Trade Cart |
| 29:58 | Create | Trade Cart |
| 29:59 | Create | Trade Cart |
| 29:59 | Create | Trade Cart |
| 29:59 | Create | Trade Cart |
| 29:59 | Create | Trade Cart |
| 30:00 | Create | Trade Cart |
| 30:00 | Create | Trade Cart |
| 30:33 | Build | Mining Camp |
| 30:43 | Build | Mining Camp |
| 31:02 | Build | Barracks |
| 31:03 | Build | Barracks |
| 31:09 | Create | Villager (Male) |
| 31:09 | Create | Villager (Male) |
| 31:10 | Create | Villager (Male) |
Build order — TSpirit. Yatoro .BetBoom
First 150 of 362 actions detected
| 0:06 | Build | House |
| 0:08 | Build | House |
| 0:10 | Create | Villager (Male) ×4 |
| 0:10 | Create | Villager (Male) ×4 |
| 0:36 | Build | Palisade Wall |
| 0:48 | Build | Palisade Gate |
| 3:43 | Create | Villager (Male) |
| 3:43 | Create | Villager (Male) |
| 3:43 | Create | Villager (Male) |
| 3:44 | Create | Villager (Male) |
| 3:44 | Create | Villager (Male) |
| 4:58 | Create | Villager (Male) |
| 4:58 | Create | Villager (Male) |
| 5:30 | Build | Lumber Camp |
| 6:02 | Build | House |
| 6:27 | Create | Villager (Male) |
| 6:27 | Create | Villager (Male) |
| 7:16 | Build | Mill |
| 7:42 | Create | Villager (Male) |
| 7:43 | Create | Villager (Male) |
| 7:43 | Create | Villager (Male) |
| 9:53 | Create | Villager (Male) |
| 9:54 | Create | Villager (Male) |
| 9:54 | Create | Villager (Male) |
| 10:27 | Build | Mining Camp |
| 10:47 | Build | House |
| 10:52 | Build | Barracks |
| 11:05 | Build | House |
| 11:27 | Research | Feudal Age |
| 11:59 | Build | Mill |
| 13:37 | Age | Feudal Age |
| 13:44 | Create | Villager (Male) |
| 13:44 | Create | Villager (Male) |
| 13:45 | Create | Villager (Male) |
| 13:45 | Create | Villager (Male) |
| 13:45 | Create | Villager (Male) |
| 13:45 | Create | Villager (Male) |
| 13:46 | Create | Villager (Male) |
| 13:46 | Create | Villager (Male) |
| 14:21 | Build | Mining Camp |
| 14:27 | Build | Farm |
| 14:29 | Build | Farm |
| 14:30 | Build | Farm |
| 14:31 | Build | Farm |
| 14:32 | Build | Farm |
| 15:42 | Build | Lumber Camp |
| 16:01 | Create | Villager (Male) |
| 16:01 | Create | Villager (Male) |
| 17:04 | Build | Lumber Camp |
| 17:18 | Build | House |
| 17:22 | Build | House |
| 17:39 | Research | Double-Bit Axe |
| 17:46 | Research | Gold Mining |
| 17:47 | Research | Stone Mining |
| 18:27 | Create | Villager (Male) |
| 18:27 | Create | Villager (Male) |
| 18:27 | Create | Villager (Male) |
| 18:28 | Create | Villager (Male) |
| 18:30 | Create | Villager (Male) |
| 18:31 | Create | Villager (Male) |
| 18:32 | Create | Villager (Male) |
| 19:06 | Build | Farm |
| 19:07 | Build | Farm |
| 19:07 | Build | Farm |
| 19:08 | Build | Farm |
| 19:08 | Build | Farm |
| 19:09 | Build | Farm |
| 19:09 | Build | Farm |
| 19:09 | Build | Farm |
| 19:09 | Build | Farm |
| 19:10 | Build | Farm |
| 19:10 | Build | Farm |
| 19:10 | Build | Farm |
| 19:11 | Build | Farm |
| 19:12 | Build | Farm |
| 21:02 | Build | Mining Camp |
| 21:26 | Build | Market |
| 21:56 | Build | Blacksmith |
| 22:17 | Create | Villager (Male) |
| 22:18 | Create | Villager (Male) |
| 22:18 | Create | Villager (Male) |
| 22:47 | Build | Farm |
| 22:54 | Build | Farm |
| 22:58 | Build | Farm |
| 23:02 | Build | Farm |
| 23:17 | Research | Castle Age |
| 23:32 | Build | House |
| 23:33 | Build | House |
| 23:35 | Build | House |
| 23:36 | Build | House |
| 23:37 | Build | House |
| 23:39 | Build | House |
| 23:43 | Build | House |
| 23:43 | Build | House |
| 23:45 | Build | House |
| 23:47 | Build | House |
| 23:48 | Build | House |
| 23:49 | Build | House |
| 24:46 | Research | Horse Collar |
| 25:05 | Build | Farm |
| 25:05 | Build | Farm |
| 25:16 | Build | Farm |
| 25:17 | Build | Farm |
| 25:45 | Research | Loom |
| 25:45 | Research | Wheelbarrow |
| 25:45 | Research | Town Watch |
| 26:12 | Age | Castle Age |
| 26:21 | Build | Castle |
| 26:50 | Research | Bow Saw |
| 26:53 | Research | Heavy Plow |
| 27:02 | Create | Villager (Male) |
| 27:02 | Create | Villager (Male) |
| 27:02 | Create | Villager (Male) |
| 27:02 | Create | Villager (Male) |
| 27:03 | Create | Villager (Male) |
| 27:03 | Create | Villager (Male) |
| 27:03 | Create | Villager (Male) |
| 27:03 | Create | Villager (Male) |
| 27:03 | Create | Villager (Male) |
| 27:38 | Research | Fletching |
| 28:28 | Create | Rattan Archer |
| 28:28 | Create | Rattan Archer |
| 28:28 | Create | Rattan Archer |
| 28:28 | Create | Rattan Archer |
| 28:29 | Create | Rattan Archer |
| 28:29 | Create | Rattan Archer |
| 28:29 | Create | Rattan Archer |
| 28:29 | Create | Rattan Archer |
| 28:32 | Create | Rattan Archer |
| 28:33 | Create | Rattan Archer |
| 28:33 | Create | Rattan Archer |
| 28:33 | Create | Rattan Archer |
| 28:33 | Create | Rattan Archer |
| 28:34 | Create | Rattan Archer |
| 28:39 | Create | Rattan Archer |
| 28:47 | Build | Town Center |
| 29:10 | Research | Bodkin Arrow |
| 29:11 | Research | Padded Archer Armor |
| 29:32 | Build | University |
| 30:56 | Research | Hand Cart |
| 30:56 | Research | Town Patrol |
| 31:06 | Build | Farm |
| 31:07 | Build | Farm |
| 31:08 | Build | Farm |
| 31:08 | Build | Farm |
| 31:09 | Build | Farm |
| 31:09 | Build | Farm |
| 31:09 | Build | Farm |
| 31:09 | Build | Farm |
| 31:10 | Build | Farm |
Build order — boxenoxen
First 150 of 1295 actions detected
| 0:04 | Build | House |
| 0:07 | Build | House |
| 0:09 | Research | Loom |
| 0:10 | Create | Villager (Male) |
| 1:09 | Create | Villager (Male) |
| 1:10 | Create | Villager (Male) |
| 1:10 | Create | Villager (Male) |
| 1:10 | Create | Villager (Male) |
| 2:14 | Create | Villager (Male) |
| 2:45 | Create | Villager (Male) |
| 3:15 | Create | Villager (Male) |
| 4:30 | Create | Villager (Male) |
| 4:30 | Create | Villager (Male) |
| 4:31 | Create | Villager (Male) |
| 4:31 | Create | Villager (Male) |
| 5:08 | Create | Villager (Male) |
| 5:33 | Build | House |
| 5:41 | Create | Villager (Male) |
| 6:04 | Build | Mill |
| 6:19 | Create | Villager (Male) |
| 6:19 | Create | Villager (Male) |
| 7:06 | Build | Barracks |
| 7:09 | Create | Villager (Male) |
| 7:22 | Create | Villager (Male) |
| 8:05 | Create | Villager (Male) |
| 8:28 | Build | Lumber Camp |
| 8:48 | Build | House |
| 9:13 | Build | House |
| 9:20 | Create | Villager (Male) |
| 9:20 | Create | Villager (Male) |
| 9:23 | Create | Villager (Male) |
| 9:39 | Build | Farm |
| 10:11 | Build | House |
| 10:39 | Create | Villager (Male) |
| 10:49 | Build | Mining Camp |
| 11:17 | Research | Feudal Age |
| 11:20 | Build | House |
| 11:46 | Build | Lumber Camp |
| 12:39 | Build | House |
| 12:52 | Create | Villager (Male) |
| 13:27 | Age | Feudal Age |
| 13:29 | Create | Villager (Male) |
| 13:35 | Research | Double-Bit Axe |
| 13:38 | Research | Horse Collar |
| 13:49 | Build | Market |
| 13:55 | Build | Farm |
| 13:56 | Build | Farm |
| 13:58 | Build | Farm |
| 14:00 | Build | Farm |
| 14:02 | Build | Farm |
| 14:04 | Build | Farm |
| 14:05 | Build | Farm |
| 14:10 | Create | Villager (Male) |
| 14:42 | Create | Villager (Male) |
| 15:11 | Build | Stable |
| 15:13 | Create | Villager (Male) |
| 15:18 | Build | Blacksmith |
| 15:53 | Create | Villager (Male) |
| 15:58 | Build | Mining Camp |
| 16:18 | Create | Villager (Male) |
| 16:24 | Build | Farm |
| 16:43 | Build | Archery Range |
| 16:48 | Create | Villager (Male) |
| 16:50 | Create | Villager (Male) |
| 16:55 | Build | Farm |
| 17:16 | Create | Spearman |
| 17:23 | Create | Spearman |
| 17:28 | Build | Farm |
| 17:35 | Build | Farm |
| 17:37 | Build | Farm |
| 17:39 | Build | Farm |
| 17:40 | Build | Farm |
| 17:47 | Build | House |
| 17:53 | Build | House |
| 17:59 | Create | Skirmisher |
| 18:06 | Create | Villager (Male) |
| 18:25 | Build | Farm |
| 18:38 | Create | Villager (Male) |
| 18:51 | Build | Watch Tower |
| 18:59 | Research | Castle Age |
| 19:15 | Build | Farm |
| 19:25 | Research | Stone Mining |
| 19:29 | Research | Gold Mining |
| 20:03 | Create | Spearman |
| 20:06 | Create | Skirmisher |
| 20:54 | Build | House |
| 21:04 | Create | Villager (Male) |
| 21:43 | Age | Castle Age |
| 21:50 | Build | Town Center |
| 21:57 | Build | Town Center |
| 22:03 | Create | Villager (Male) |
| 22:10 | Build | House |
| 22:16 | Research | Caravan |
| 22:19 | Create | Trade Cart |
| 22:34 | Create | Villager (Male) |
| 22:38 | Research | Forging |
| 22:40 | Research | Scale Mail Armor |
| 22:46 | Create | Spearman |
| 22:52 | Build | Monastery |
| 22:58 | Create | Villager (Male) |
| 23:37 | Create | Villager (Male) |
| 23:56 | Research | Wheelbarrow |
| 23:58 | Research | Town Watch |
| 24:03 | Create | Villager (Male) |
| 24:10 | Build | Farm |
| 24:13 | Create | Villager (Male) |
| 24:24 | Build | House |
| 24:33 | Build | University |
| 24:37 | Create | Villager (Male) |
| 24:38 | Create | Villager (Male) |
| 24:40 | Create | Villager (Male) |
| 24:55 | Create | Villager (Male) |
| 24:57 | Create | Villager (Male) |
| 25:08 | Create | Monk |
| 25:16 | Build | House |
| 25:24 | Research | Hand Cart |
| 25:26 | Create | Villager (Male) |
| 25:27 | Create | Villager (Male) |
| 25:43 | Create | Villager (Male) |
| 25:46 | Research | Treadmill Crane |
| 25:55 | Research | Bow Saw |
| 26:04 | Research | Heavy Plow |
| 26:08 | Build | Farm |
| 26:11 | Create | Villager (Male) |
| 26:23 | Build | House |
| 26:26 | Create | Villager (Male) |
| 26:28 | Create | Villager (Male) |
| 26:36 | Create | Villager (Male) |
| 26:47 | Create | Villager (Male) |
| 26:48 | Create | Villager (Male) |
| 26:58 | Build | House |
| 27:01 | Create | Villager (Male) |
| 27:02 | Create | Villager (Male) |
| 27:21 | Create | Villager (Male) |
| 27:22 | Create | Villager (Male) |
| 27:22 | Create | Villager (Male) |
| 27:31 | Build | House |
| 27:32 | Build | House |
| 27:35 | Create | Villager (Male) |
| 27:36 | Create | Villager (Male) |
| 27:37 | Create | Villager (Male) |
| 27:52 | Build | Monastery |
| 28:19 | Research | Pikeman (upgrade) |
| 28:20 | Research | Gambesons |
| 28:27 | Build | House |
| 28:29 | Create | Villager (Male) |
| 28:30 | Create | Villager (Male) |
| 28:32 | Create | Villager (Male) |
| 28:50 | Build | Lumber Camp |
| 28:54 | Create | Villager (Male) |
Match timeline
| 0:36 | TSpirit. Yatoro .BetBoom · wall_segment Palisade Wall x15 |
| 0:46 | frizboum · wall_segment Palisade Wall x11 |
| 1:03 | KurtaLFonce · wall_segment Palisade Wall x10 |
| 1:28 | KurtaLFonce · wall_segment Palisade Wall x10 |
| 2:25 | Sinned · wall_segment Palisade Wall x18 |
| 5:06 | frizboum · wall_segment Palisade Wall x9 |
| 6:45 | KOSOVAR · wall_segment Palisade Wall x6 |
| 7:06 | boxenoxen · first_building Barracks |
| 10:52 | TSpirit. Yatoro .BetBoom · first_building Barracks |
| 12:51 | Navrik · age_up feudal |
| 13:18 | Sinned · age_up feudal |
| 13:27 | boxenoxen · age_up feudal |
| 13:31 | KOSOVAR · age_up feudal |
| 13:37 | TSpirit. Yatoro .BetBoom · age_up feudal |
| 14:12 | Navrik · wall_segment Stone Wall x14 |
| 14:43 | frizboum · first_building Barracks |
| 15:11 | boxenoxen · first_building Stable |
| 16:43 | boxenoxen · first_building Archery Range |
| 16:58 | KOSOVAR · first_market_buy 100 food |
| 17:17 | frizboum · wall_segment Stone Wall x4 |
| 17:24 | frizboum · wall_segment Stone Wall x8 |
| 17:40 | frizboum · wall_segment Stone Wall x14 |
| 18:34 | KurtaLFonce · age_up feudal |
| 19:08 | KOSOVAR · first_building Barracks |
| 20:07 | KOSOVAR · first_building Stable |
| 20:07 | frizboum · first_building Archery Range |
| 20:20 | Sinned · first_building Barracks |
| 20:21 | KOSOVAR · age_up castle |
| 20:27 | KurtaLFonce · wall_segment Stone Wall x14 |
| 20:35 | KurtaLFonce · wall_segment Stone Wall x9 |
| 21:06 | KurtaLFonce · wall_segment Stone Wall x18 |
| 21:17 | KurtaLFonce · wall_segment Stone Wall x18 |
| 21:19 | NomadRider5217 · first_market_sell 100 wood |
| 21:43 | boxenoxen · age_up castle |
| 22:37 | KOSOVAR · first_building Monastery |
| 22:52 | boxenoxen · first_building Monastery |
| 23:39 | frizboum · first_market_sell 100 wood |
| 23:41 | frizboum · first_market_buy 100 food |
| 24:32 | Navrik · age_up castle |
| 25:11 | Navrik · first_building Monastery |
| 25:13 | NomadRider5217 · first_market_buy 100 stone |
| 26:12 | TSpirit. Yatoro .BetBoom · age_up castle |
| 26:21 | TSpirit. Yatoro .BetBoom · first_building Castle |
| 26:51 | KurtaLFonce · first_building Barracks |
| 27:30 | Sinned · wall_segment Stone Wall x12 |
| 28:12 | Sinned · first_building Archery Range |
| 28:34 | frizboum · first_building Castle |
| 28:43 | KOSOVAR · first_building Castle |
| 29:53 | KurtaLFonce · first_market_sell 100 food |
| 30:24 | frizboum · first_building Monastery |
| 31:02 | boxenoxen · first_building Siege Workshop |
| 31:39 | Navrik · first_building Barracks |
| 32:02 | Navrik · first_building Siege Workshop |
| 32:04 | NomadRider5217 · first_building Monastery |
| 33:07 | Navrik · first_building Castle |
| 33:18 | Sinned · age_up castle |
| 34:06 | KurtaLFonce · age_up castle |
| 34:25 | TSpirit. Yatoro .BetBoom · first_building Monastery |
| 34:41 | KOSOVAR · first_building Siege Workshop |
| 35:13 | KOSOVAR · age_up imperial |
| 35:35 | KurtaLFonce · first_building Castle |
| 36:33 | NomadRider5217 · first_building Siege Workshop |
| 36:49 | boxenoxen · age_up imperial |
| 37:04 | KurtaLFonce · first_building Monastery |
| 37:05 | Navrik · age_up imperial |
| 37:11 | boxenoxen · first_building Castle |
| 37:40 | KurtaLFonce · first_building Siege Workshop |
| 38:01 | TSpirit. Yatoro .BetBoom · age_up imperial |
| 38:36 | Sinned · wall_segment Stone Wall x9 |
| 38:54 | Sinned · first_building Castle |
| 38:55 | frizboum · first_building Siege Workshop |
| 39:19 | KurtaLFonce · first_building Archery Range |
| 39:34 | NomadRider5217 · first_building Barracks |
| 39:48 | NomadRider5217 · first_building Castle |
| 40:08 | NomadRider5217 · first_building Stable |
| 40:32 | boxenoxen · wall_segment Stone Wall x14 |
| 42:31 | boxenoxen · wall_segment Stone Wall x16 |
| 43:00 | KurtaLFonce · age_up imperial |
| 43:15 | KurtaLFonce · wall_segment Stone Wall x13 |
| 44:48 | Navrik · first_building Stable |
| 46:16 | boxenoxen · wall_segment Stone Wall x17 |
| 47:59 | frizboum · first_building Stable |
| 48:51 | Sinned · first_building Monastery |
| 53:07 | KurtaLFonce · wall_segment Stone Wall x2 |
| 59:51 | Navrik · first_market_sell 500 wood |
| 60:00 | Navrik · first_market_buy 100 food |
| 61:34 | Sinned · first_market_sell 100 wood |
| 64:33 | NomadRider5217 · wall_segment Stone Wall x2 |
| 64:37 | NomadRider5217 · wall_segment Stone Wall x12 |
| 64:51 | KurtaLFonce · wall_segment Stone Wall x8 |
| 65:15 | KurtaLFonce · wall_segment Stone Wall x9 |
| 69:44 | KurtaLFonce · wall_segment Stone Wall x20 |
| 71:19 | KurtaLFonce · wall_segment Stone Wall x3 |
| 71:24 | KurtaLFonce · wall_segment Stone Wall x6 |
| 71:29 | KurtaLFonce · wall_segment Stone Wall x6 |
| 73:41 | NomadRider5217 · wall_segment Stone Wall x4 |
| 73:43 | NomadRider5217 · wall_segment Stone Wall x9 |
| 75:03 | boxenoxen · first_market_sell 100 wood |
| 75:33 | Sinned · resign |
[ AI ANALYSIS · 1 CREDIT ]
What really happened in this match?
Wolo.gg analyzes every decision: build order, eco, micro, common mistakes by bracket. Personalized analysis on WhatsApp or Discord in 30 seconds.
Civ guide
Chinese
Map guide
Black Forest
Perfil
frizboum